 Dungeon Crawl Stone Soup version 0.17-a0-1714-g35622ae (webtiles) character file.

13 matakusis the Ducker (level 2, -1/22 HPs)
             Began as a Demonspawn Gladiator on Aug 23, 2015.
             Slain by a goblin
             ... wielding a +0 club
              (3 damage)
             ... on level 1 of the Dungeon.
             The game lasted 00:01:04 (322 turns).

matakusis the Ducker (Demonspawn Gladiator)          Turns: 322, Time: 00:01:04

Health: -1/22      AC:  4    Str: 15    XL:     2   Next: 24%
Magic:  2/2        EV: 12    Int:  9    God:
Gold:   17         SH:  0    Dex: 13    Spells: 0 memorised, 1 level left

rFire  . . .     SeeInvis .     a - +0 war axe
rCold  . . .     Clarity  .     b - +0 leather armour
rNeg   . . .     SustAt   .     (no shield)
rPois  .         Gourm    .     c - +0 helmet
rElec  .         Spirit   .     (no cloak)
rCorr  .         Warding  .     (no gloves)
rMut   .         Stasis   .     (no boots)
MR     .....                    (no amulet)
Stlth  +.........               (no ring)
                                (no ring)

@: not resistant to hostile enchantments, very unstealthy
A: claws 1
a: no special abilities


You were on level 1 of the Dungeon.
You were not hungry.

You visited 1 branch of the dungeon, and saw 1 of its levels.

You collected 17 gold pieces.

Inventory:

Hand weapons
 a - a +0 war axe (weapon)
Missiles
 d - 3 throwing nets (quivered)
Armour
 b - a +0 leather armour (worn)
 c - a +0 helmet (worn)
Scrolls
 g - a scroll of recharging {unknown}
 j - a scroll of magic mapping {unknown}
Potions
 f - 2 potions of flight {unknown}
Comestibles
 e - 2 bread rations
 h - 2 chunks of flesh
 i - a meat ration


   Skills:
 - Level 2.0 Fighting
 + Level 2.9 Axes
 - Level 2.0 Throwing
 + Level 0.1 Armour
 + Level 3.0 Dodging


You had one spell level left.
You didn't know any spells.

Dungeon Overview and Level Annotations

Branches:
Dungeon (1/15)

Altars:


Innate Abilities, Weirdness & Mutations

You have sharp fingernails.


Message History

The goblin misses you. The goblin closely misses you.
The goblin hits you but does no damage.
The goblin hits you but does no damage. x2
The goblin hits you with a club. The goblin hits you but does no damage.
The goblin misses you. The goblin closely misses you.
The goblin hits you with a club. The goblin barely misses you.
The goblin closely misses you. The goblin misses you.
The goblin barely misses you. The goblin hits you but does no damage.
The goblin hits you but does no damage. The goblin hits you but does no damage.
The goblin barely misses you. The goblin hits you but does no damage.
The goblin hits you with a dagger.
The goblin hits you but does no damage. x2
The goblin closely misses you. The goblin barely misses you.
The goblin hits you with a dagger. The goblin hits you but does no damage.
The goblin hits you but does no damage. The goblin hits you with a club.
* * * LOW HITPOINT WARNING * * *
The goblin hits you with a dagger.
* * * LOW HITPOINT WARNING * * *
The goblin hits you with a club.
You die...

######### ##### ###.......#
#...# #.........#
...###.#.####.#.......# #
.......#.##...........##.#
..####).##.#.#........#.##
#.......g@...#.#.........
#......PP.g.............#
...##..♣......#.........#.#
.# ##.....#..##.....##....
##..#.#..#...........#
##.#..#.#..#g.####...
#.#....#..#..#
#.#.......#..#####.# ..
.................


You could see 2 goblins.

Vanquished Creatures
  A giant gecko (D:1)
  A bat (D:1)
  2 giant cockroaches (D:1)
  3 hobgoblins (D:1)
  4 rats (D:1)
11 creatures vanquished.

Notes
Turn   | Place    | Note
--------------------------------------------------------------
     0 | D:1      | matakusis the Demonspawn Gladiator began the quest for the Orb.
     0 | D:1      | Reached XP level 1. HP: 16/16 MP: 1/1
     2 | D:1      | Noticed a demigod
     4 | D:1      | Noticed a dwarf
     4 | D:1      | Noticed a demonspawn
     6 | D:1      | Noticed a spriggan
     6 | D:1      | Noticed a vine stalker
     8 | D:1      | Noticed a formicid
    10 | D:1      | Noticed a troll
    12 | D:1      | Noticed a draconian
    12 | D:1      | Noticed a vampire
    14 | D:1      | Noticed a naga
    14 | D:1      | Noticed a centaur
    16 | D:1      | Noticed an octopode
    16 | D:1      | Noticed a minotaur
    18 | D:1      | Noticed an ogre
    20 | D:1      | Noticed an elf
    20 | D:1      | Noticed a gargoyle
    22 | D:1      | Noticed a ghoul
    22 | D:1      | Noticed a merfolk
    24 | D:1      | Noticed a felid
    26 | D:1      | Noticed a human
    26 | D:1      | Noticed a tengu
   213 | D:1      | Gained mutation: You have sharp fingernails. [demonic ancestry]
   213 | D:1      | Reached XP level 2. HP: 13/22 MP: 2/2
   293 | D:1      | Reached skill level 3 in Dodging
   322 | D:1      | Slain by a goblin

Vault maps used:
D:1:      kb_arrival_jail, kennysheep_nondescript, serial_park_tiny_1,
          moated_statue, nrook_loot_triangle, st_stairs_5

Action                   || total
-------------------------++-------
Melee: War axe           ||    21
 Stab: Sleeping          ||     1
